 Dungeon Crawl Stone Soup version 0.27-a0-46-g34d46f0a3f (webtiles) character file.

Game seed: 1738093573888240305

4995 Borgoz the Grappler (level 10, -6/90 HPs)
             Began as a Ghoul Gladiator on Jan 6, 2021.
             Was an Initiate of Ashenzari.
             Mangled by an orc warrior
             ... wielding a +0 halberd
              (7 damage)
             ... in a bailey.
             The game lasted 00:14:38 (8077 turns).

Borgoz the Grappler (Ghoul Gladiator)               Turns: 8077, Time: 00:14:39

Health: -6/90      AC: 16    Str: 19    XL:     10   Next: 54%
Magic:  0/9        EV: 11    Int:  3    God:    Ashenzari [......]
Gold:   563        SH:  0    Dex: 13    Spells: 9/9 levels left

rFire    . . .     SeeInvis .     - Unarmed
rCold    + + .     Faith    .   (no shield)
rNeg     + + +     Spirit   +   v - +0 chain mail {rC+}
rPois    ∞         Reflect  .   b - +0 helmet
rElec    .         Harm     .   i - +0 cloak
rCorr    .         Rampage  .   (no gloves)
Will     +....                  u - +2 pair of boots {run}
Stlth    ..........             e - amulet of guardian spirit
HPRegen  0.00/turn              k - ring of willpower
MPRegen  0.11/turn              (no ring)

@: quick
A: claws 1, cold resistance 1, negative energy resistance 3, inhibited
regeneration, torment resistance, unbreathing
a: Renounce Religion, Curse Item


You were in a bailey.
You worshipped Ashenzari.
Ashenzari was noncommittal.
You visited 2 branches of the dungeon, and saw 10 of its levels.
You also visited: Bailey.

You collected 718 gold pieces.
You spent 155 gold pieces at shops.

Inventory:

Missiles
 c - a throwing net (quivered)
Armour
 b - a +0 helmet (worn)
 i - a +0 cloak (worn)
 u - a +2 pair of boots of running (worn)
 v - a +0 chain mail of cold resistance (worn)
Jewellery
 e - an amulet of guardian spirit (around neck)
 k - a ring of willpower (left claw)
 x - an uncursed amulet of regeneration
 B - an uncursed amulet of reflection
Wands
 r - a wand of iceblast (10)
 C - a wand of paralysis (6)
Scrolls
 a - a scroll of fog
 g - 6 scrolls of teleportation
 m - 4 scrolls of remove curse
 n - 2 scrolls of blinking
 o - a scroll of enchant armour
 q - a scroll of magic mapping
 s - 2 scrolls of amnesia
 w - a scroll of silence
 y - a scroll of immolation {unknown}
Potions
 d - 3 potions of resistance
 j - a potion of magic {unknown}
 t - 2 potions of degeneration {unknown}
 A - a potion of lignification {unknown}


   Skills:
 + Level 8.6 Fighting
 - Level 1.7 Throwing
 + Level 6.9 Armour
 + Level 7.5 Dodging
 + Level 9.0 Unarmed Combat


You had 9 spell levels left.
You didn't know any spells.
Your spell library was empty.

Dungeon Overview and Level Annotations

Branches:
Dungeon (9/15)             Temple (1/1) D:7            Lair (0/6) D:9
 Bailey (1/1)
    Orc: D:9-12

Altars:
Ashenzari
Cheibriados
Dithmenos
Elyvilon
Fedhas
Gozag
Hepliaklqana
Kikubaaqudgha
Makhleb
Nemelex Xobeh
Okawaru
Qazlal
Ru
Sif Muna
Trog
Uskayaw
Vehumet
Wu Jian
Xom
Yredelemnul
Zin
The Shining One

Shops:
D:8 ??*[

Annotations:
D:9 2 transporters, Erica; ThereIsNoGod's ghost, journeyman DsAK


Innate Abilities, Weirdness & Mutations

You thrive by killing the living.
You are immune to poison.
You have sharp fingernails.
Your flesh is cold resistant. (rC+)
You are immune to negative energy. (rN+++)
You do not regenerate when monsters are visible.
You are immune to unholy pain and torment.
You can survive without breathing.


Message History

The orc warrior no longer looks unusually strong.
The orc warrior completely misses you.
The orc warrior unwields a +0 arbalest.
The orc warrior hits you but does no damage.
The orc warrior completely misses you.
You scratch the orc warrior.
The orc warrior is almost dead.
The orc warrior hits you!
* * * LOW HITPOINT WARNING * * *
You feel better. The orc warrior hits you!
* * * LOW HITPOINT WARNING * * *
The orc warrior hits you but does no damage.
The orc warrior barely misses you.
You feel better. The orc warrior closely misses you. The orc warrior hits you!
* * * LOW HITPOINT WARNING * * *
The orc warrior closely misses you.
You barely miss the orc warrior.
The orc warrior is almost dead.
The orc warrior closely misses you. The orc warrior misses you.
The orc warrior hits you from afar with a +0 halberd!
You die...

### ##### ##∩##
#####
.....##...##.....
.≈≈≈..#...#..≈≈≈.
≈≈)≈≈.......≈≈)≈≈
≈.∩o≈§§§o.).≈o∩.≈
≈≈.≈≈..o§(..≈≈o≈≈
.≈≈≈..#@§§#..≈≈≈.
..... #§o§# .....
#### ##∩## ####
###


You could see an orc knight and 5 orc warriors.

Vanquished Creatures
  Harold (D:7)
  A two-headed ogre (D:8)
  A wyvern (D:7)
  A steam dragon (D:8)
  A necrophage (D:4)
  4 sky beasts
  4 orc warriors (Bailey)
  3 ogres
  3 centaurs
  A big kobold (D:8)
  5 bullfrogs
  4 killer bees (D:8)
  8 howler monkeys
  2 centaur zombies (D:8)
  2 orc priests
  5 hounds
  7 orc wizards
  A jelly (D:6)
  A bullfrog skeleton (D:4)
  5 iguanas
  Jessica (D:2)
  Ijyb (D:3)
  2 worker ants
  A killer bee zombie (D:3)
  A hound skeleton (D:4)
  A worker ant zombie (D:8)
  7 gnolls
  A howler monkey skeleton (D:4)
  10 adders
  2 white imps
  2 ufetubi (D:5)
  4 oozes
  2 adder skeletons
  3 worms
  6 dart slugs
  5 leopard geckos
  29 orcs
  A ball python (D:3)
  9 giant cockroaches
  11 goblins
  9 hobgoblins
  5 jackals
  3 quokkas
  5 bats
  5 frilled lizards
  A giant cockroach zombie (D:5)
  2 jackal skeletons (D:8)
  10 kobolds
  5 rats
204 creatures vanquished.

Vanquished Creatures (others)
  A human (D:8)
1 creature vanquished.

Grand Total: 205 creatures vanquished

Notes
Turn   | Place    | Note
-------+----------+-------------------------------------------
     0 | D:1      | Borgoz the Ghoul Gladiator began the quest for the Orb.
     0 | D:1      | Reached XP level 1. HP: 17/17 MP: 0/0
    95 | D:1      | Reached XP level 2. HP: 25/25 MP: 1/1
   316 | D:1      | Reached XP level 3. HP: 26/30 MP: 2/2
   324 | D:1      | Reached skill level 1 in Armour
   771 | D:2      | Reached XP level 4. HP: 23/38 MP: 1/3
   788 | D:2      | Reached skill level 4 in Unarmed Combat
  1032 | D:2      | Reached XP level 5. HP: 39/45 MP: 2/4
  1174 | D:2      | Noticed Jessica
  1185 | D:2      | Killed Jessica
  1862 | D:3      | Noticed Ijyb
  1875 | D:3      | Killed Ijyb
  1876 | D:3      | Reached XP level 6. HP: 38/52 MP: 1/5
  3138 | D:4      | Noticed a necrophage
  3152 | D:4      | Killed a necrophage
  3153 | D:4      | Reached skill level 5 in Unarmed Combat
  3153 | D:4      | Reached XP level 7. HP: 51/60 MP: 6/6
  3636 | D:5      | Entered Level 5 of the Dungeon
  4018 | D:4      | Reached skill level 5 in Fighting
  4173 | D:5      | Reached XP level 8. HP: 64/68 MP: 5/7
  4184 | D:5      | Identified a +1 pair of boots of running (You found it on
                  | level 5 of the Dungeon)
  4521 | D:5      | Reached skill level 5 in Dodging
  4521 | D:5      | Reached skill level 6 in Unarmed Combat
  5703 | D:7      | Reached XP level 9. HP: 78/78 MP: 8/8
  5756 | D:7      | Reached skill level 7 in Unarmed Combat
  5778 | D:7      | Reached skill level 5 in Armour
  5917 | D:7      | Found a staircase to the Ecumenical Temple.
  5937 | Temple   | Entered the Ecumenical Temple
  6200 | Temple   | Became a worshipper of Ashenzari the Shackled
  6427 | D:7      | Noticed Harold
  6470 | D:7      | Killed Harold
  7077 | D:8      | Reached skill level 8 in Unarmed Combat
  7122 | D:8      | Reached XP level 10. HP: 50/88 MP: 3/9
  7390 | D:8      | Found Heuvynoc's Magic Scroll Boutique.
  7398 | D:8      | Bought a scroll of blinking for 75 gold pieces
  7398 | D:8      | Bought a scroll of teleportation for 30 gold pieces
  7398 | D:8      | Bought a scroll of teleportation for 30 gold pieces
  7398 | D:8      | Bought a scroll of identify for 20 gold pieces
  7421 | D:8      | Found Siats's Armour Emporium.
  7460 | D:8      | Found Soufameest's Magic Scroll Shop.
  7541 | D:8      | Found Mul Jiux's Assorted Antiques.
  7542 | D:8      | Found an ancient bone altar of Kikubaaqudgha.
  7600 | D:8      | Noticed a two-headed ogre
  7612 | D:8      | Killed a two-headed ogre
  7926 | D:9      | Found a transporter.
  7928 | D:9      | Noticed ThereIsNoGod's ghost (journeyman DsAK)
  7930 | D:9      | Found a transporter.
  7931 | D:9      | Noticed an elephant
  7932 | D:9      | Found a staircase to the Lair.
  7932 | D:9      | Noticed a two-headed ogre
  7933 | D:9      | Noticed a two-headed ogre
  7939 | D:9      | Noticed Erica
  7940 | D:9      | Found a shimmering altar of Xom.
  7947 | D:9      | Found a flagged portal.
  7960 | Bailey   | Entered a bailey
  7961 | Bailey   | Noticed an orc knight
  8005 | Bailey   | Reached skill level 9 in Unarmed Combat
  8074 | Bailey   | HP: 4/90 [orc warrior (6)]
  8076 | Bailey   | HP: 1/90 [orc warrior (9)]
  8077 | Bailey   | Mangled by an orc warrior

Illustrated notes

Levels and vault maps discovered:
D:1:      dpeg_arrival_short_road, layout_basic, minmay_pentomino_t4
D:2:      layout_basic, uniq_jessica
D:3:      layout_basic, uniq_ijyb
D:4:      minmay_inner_zag, layout_loops_corners, minmay_vboxes
D:5:      layout_cave_pools, kennysheep_generic_room_4
D:6:      layout_rooms
D:7:      layout_basic, minmay_temple_entry_drinking_statues, uniq_harold
D:8:      layout_cave_pools, serial_shops, shop, nicolae_shop_window_shopping,
          shop, shop_coins, nicolae_wand_duel, tgw_kikubaaqudgha
D:9:      layout_basic, overflow_temple_1_default, david_lair_generic,
          enter_bailey_1, gammafunk_ghost_smash, uniq_erica
Temple:   roderic_octagonal_lattice_temple
Bailey:   bailey_polearm_4, bailey

Skill      XL: |  1  2  3  4  5  6  7  8  9 10 |
---------------+-------------------------------+-----
Dodging        | 3 4 5 6 7 |  7.5
Armour         | 1 2 3 4 6 |  6.9
Fighting       | 3 4 5 6 7 8 |  8.6
Unarmed Combat | 4 5 6 8 9 |  9.0
Throwing       | |  1.7

Action                   |  1- 3 |  4- 6 |  7- 9 | 10-12 || total
-------------------------+-------+-------+-------+-------++-------
Melee: Unarmed           |    81 |   254 |   332 |   127 ||   794
       Punch             |     2 |     1 |    12 |    11 ||    26
Throw: Throwing net      |       |       |     2 |     3 ||     5
Evoke: Wand              |       |       |     3 |    24 ||    27
  Use: Scroll            |     4 |     1 |     8 |     4 ||    17
       Potion            |       |       |       |     6 ||     6
 Stab: Held in net/web   |       |       |     2 |     2 ||     4
Armor: Leather armour    |     4 |       |       |       ||     4
       Ring mail         |    18 |    86 |    79 |       ||   183
       Chain mail        |       |       |    33 |   115 ||   148
Dodge: Dodged            |    42 |   142 |   234 |   131 ||   549

Table legend: (Time is in decaauts)
 A = Elapsed time spent in this place.
 B = Non-inter-level travel time spent in this place.
 C = Inter-level travel time spent in this place.
 D = Time resting spent in this place.
 E = Time spent auto-exploring this place.
 F = Levels seen in this place.
 G = Mean time per level.
                   A        B        C        D        E       F      G
               +--------+--------+--------+--------+--------+-----+--------+
         Total |   7777 |   7527 |    250 |   1139 |   4871 |  11 |  707.0 |
       Dungeon |   7413 |   7196 |    217 |   1122 |   4656 |   9 |  823.7 |
        Temple |    256 |    223 |     33 |      0 |    215 |   1 |  256.0 |
        Bailey |    108 |    108 |      0 |     16 |      0 |   1 |  108.0 |
               +--------+--------+--------+--------+--------+-----+--------+

Top non-repeatable levels by time:
     D:4: 1388 daAuts
     D:7: 1334 daAuts
     D:2: 1091 daAuts
     D:8: 843 daAuts
     D:3: 836 daAuts
     D:1: 696 daAuts
     D:5: 644 daAuts
     D:6: 531 daAuts
  Temple: 256 daAuts
  Bailey: 108 daAuts
     D:9: 47 daAuts
